 Dungeon Crawl Stone Soup version 0.21.1-1-g345015f (webtiles) character file.

220 letownia2 the Destroyer (level 5, 0/28 HPs)
             Began as a Tengu Conjurer on Mar 5, 2018.
             Slain by a quasit (2 damage)
             ... summoned by Eustachio
             ... on level 4 of the Dungeon.
             The game lasted 00:05:40 (1143 turns).

letownia2 the Destroyer (Tengu Conjurer)            Turns: 1143, Time: 00:05:41

Health: 0/28       AC:  3    Str:  8    XL:     5   Next: 97%
Magic:  1/9        EV: 12    Int: 17    God:
Gold:   80         SH:  2    Dex: 14    Spells: 2/8 levels left

rFire    . . .     SeeInvis .   o - +4 hand axe
rCold    . . .     Gourm    .   (no shield)
rNeg     . . .     Faith    .   m - +0 leather armour
rPois    .         Spirit   .   (helmet restricted)
rElec    .         Reflect  +   (no cloak)
rCorr    .         Harm     .   (no gloves)
MR       .....                  (boots unavailable)
Stlth    ++........             q - +2 amulet of reflection
HPRegen  0.09/turn              l - +3 ring of slaying
MPRegen  0.11/turn              (no ring)

@: no status effects
A: beak, talons 3, able to fly 1
a: Fly


You were on level 4 of the Dungeon.
You were hungry.

You visited 1 branch of the dungeon, and saw 4 of its levels.

You collected 80 gold pieces.

Inventory:

Hand Weapons
 e - a +0 whip
 o - a +4 hand axe (weapon)
Armour
 a - a +0 robe
 f - a +0 ring mail
 m - a +0 leather armour (worn)
Jewellery
 l - a +3 ring of slaying (left hand)
 q - a +2 amulet of reflection (around neck)
Wands
 j - a wand of enslavement (7)
Scrolls
 i - a scroll of amnesia {unknown}
 k - a scroll of fear {unknown}
 p - a scroll of enchant weapon
Potions
 d - a potion of invisibility {unknown}
 g - a potion of lignification
 h - a potion of brilliance
Books
 b - a book of Conjurations

   Spells                             Type                      Level
   a - Magic Dart                     Conjuration                  1
   b - Searing Ray                    Conjuration                  2
   c - Dazzling Spray                 Conjuration/Hexes            3
   d - Fulminant Prism                Conjuration/Hexes            4
   e - Force Lance                    Conjuration/Translocation    4
   f - Iskenderun's Mystic Blast      Conjuration                  4
Comestibles
 c - 4 rations
 n - 2 chunks of flesh


   Skills:
 - Level 2.1 Dodging
 - Level 2.0 Stealth
 - Level 2.0 Spellcasting
 + Level 9.2 Conjurations


You had 2 spell levels left.
You knew the following spells:

 Your Spells              Type           Power        Failure   Level  Hunger
a - Magic Dart            Conj           ####         1%          1    #......
l - Searing Ray           Conj           ####..       1%          2    ###....
x - Dazzling Spray        Conj/Hex       ###...       13%         3    ###....


Dungeon Overview and Level Annotations

Branches:
Dungeon (4/15)
 Temple: D:4-7

Altars:
Fedhas
The Shining One

Annotations:
D:4 1 runed door, Eustachio


Innate Abilities, Weirdness & Mutations

You have a beak for a mouth.
You have claws for feet.
You can fly.


Message History

The spray of energy misses Eustachio.
Eustachio mumbles some strange words.
Eustachio blinks!
Unknown command.
Unknown command.
You barely miss Eustachio.
Eustachio is almost dead.
Eustachio asks, "How can you live without manners, virtues and honour?"
Eustachio mumbles some strange words.
Unknown command.
You miss Eustachio.
Eustachio is almost dead.
Eustachio completely misses you.
Unknown command.
You hit Eustachio.
Eustachio is almost dead.
Eustachio hits you with a rapier.
* * * LOW HITPOINT WARNING * * *
The quasit bites you.
You die...

#.####.# #.####.###
#.####.####.####.#.#
##.#............#....
#....##.####.##......
###....##.# #.###.....
#.........# #......#.#
#.......### #####....#
#....@5.# #....####
#.#...@## #.#.....#
#.#....# #........
#.#..#.# .....#.##.#
#.#.##.###.......#.#.#.
#...............>#..###
##....###.......##.# #.
#..@.##># ...... #.##.#
#...## .# ..# .....
#..###+.## .# # l##


You could see Eustachio and a quasit.

Vanquished Creatures
  A centaur (D:4)
  2 hounds (D:4)
  A centaur skeleton (D:4)
  3 adders (D:4)
  An ooze (D:3)
  2 worms
  5 orcs
  A ball python (D:3)
  A bat (D:3)
  A giant cockroach (D:2)
  A goblin (D:3)
  A hobgoblin (D:3)
  8 jackals
  A kobold (D:1)
  A quokka (D:3)
  2 frilled lizards
  A jackal skeleton (D:4)
33 creatures vanquished.

Notes
Turn   | Place    | Note
-------+----------+-------------------------------------------
     0 | D:1      | letownia2 the Tengu Conjurer began the quest for the Orb.
     0 | D:1      | Reached XP level 1. HP: 10/10 MP: 4/4
   194 | D:3      | Reached skill level 6 in Conjurations
   194 | D:3      | Reached XP level 2. HP: 15/15 MP: 0/6
   213 | D:3      | Learned a level 2 spell: Searing Ray
   303 | D:3      | Reached XP level 3. HP: 8/19 MP: 3/7
   322 | D:3      | Learned a level 3 spell: Dazzling Spray
   623 | D:4      | Reached skill level 7 in Conjurations
   652 | D:4      | Reached XP level 4. HP: 9/24 MP: 2/8
   818 | D:4      | Noticed a centaur
   837 | D:4      | Killed a centaur
   837 | D:4      | Reached skill level 8 in Conjurations
   837 | D:4      | Gained mutation: You can fly. [Tengu growth]
   837 | D:4      | Reached XP level 5. HP: 2/28 MP: 6/9
   910 | D:4      | Found a blossoming altar of Fedhas.
   936 | D:4      | Noticed Eustachio
   944 | D:4      | Reached skill level 9 in Conjurations
  1045 | D:4      | Found a glowing golden altar of the Shining One.
  1046 | D:4      | Found a runed door.
  1046 | D:4      | Noticed an angel
  1143 | D:4      | Slain by a quasit

Skill      XL: |  1  2  3  4  5 |
---------------+----------------+-----
Conjurations   | 6 7 8 9 |  9.2
Dodging        | |  2.1
Stealth        | |  2.0
Spellcasting   | |  2.0

Action                   |  1- 3 |  4- 6 || total
-------------------------+-------+-------++-------
Melee: Whip              |    15 |     4 ||    19
       Kick              |     3 |     3 ||     6
       Peck              |     1 |     6 ||     7
       Unarmed           |       |     4 ||     4
       Hand axe          |       |    14 ||    14
 Cast: Magic Dart        |    21 |     6 ||    27
       Searing Ray       |     6 |     2 ||     8
       Dazzling Spray    |       |     9 ||     9
Evoke: Wand              |       |     3 ||     3
  Use: Potion            |       |     4 ||     4
       Scroll            |       |     1 ||     1
 Stab: Sleeping          |     1 |       ||     1
       Distracted        |       |     1 ||     1
       Invisible         |       |     1 ||     1
  Eat: Chunk             |       |     2 ||     2
Armor: Leather armour    |     2 |     4 ||     6
       Skin              |       |    10 ||    10
Dodge: Dodged            |    16 |    13 ||    29
